 Dungeon Crawl Stone Soup version 0.29-a0-323-g050149af67 (webtiles) character file.

Game seed: 10465890422889121236

191 croobank the Shield-Bearer (level 5, -1/47 HPs)
             Began as a Gnoll Fighter on Apr 11, 2022.
             Slain by a gnoll
             ... wielding a +0 spear
              (5 damage)
             ... on level 4 of the Dungeon.
             The game lasted 00:08:54 (2277 turns).

croobank the Shield-Bearer (Gnoll Fighter)          Turns: 2277, Time: 00:08:55

Health: -1/47      AC:  4    Str: 17    XL:     5   Next: 70%
Magic:  7/7        EV: 11    Int:  7    God:
Gold:   93         SH:  5    Dex: 12    Spells: 7/7 levels left

rFire   . . .      SeeInvis +   a - +2 war axe
rCold   . . .      Faith    .   c - +0 buckler
rNeg    . . .      Spirit   .   (no body armour)
rPois   .          Reflect  .   l - +1 helmet
rElec   .          Harm     .   (no cloak)
rCorr   .          Rampage  .   (no gloves)
Will    .....                   j - +1 pair of boots
Stlth   ++........              (no amulet)
HPRegen 0.15/turn               q - ring of see invisible
MPRegen 0.10/turn               (no ring)

@: no status effects
A: fangs 1, strong nose, distributed training
a: no special abilities


You were on level 4 of the Dungeon.
You visited 1 branch of the dungeon, and saw 4 of its levels.

You collected 208 gold pieces.
You spent 115 gold pieces at shops.

Inventory:

Hand Weapons
 a - a +2 war axe (weapon)
 b - a +0 hunting sling
 g - a +3 short sword
 n - a +2 dagger of protection
Missiles
 i - 16 stones (quivered)
Armour
 c - a +0 buckler (worn)
 j - a +1 pair of boots (worn)
 l - a +1 helmet (worn)
 x - a +0 chain mail of fire resistance
Jewellery
 q - a ring of see invisible (left hand)
Scrolls
 f - a scroll of fear
 k - a scroll of magic mapping
 m - a scroll of enchant weapon
 r - a scroll of teleportation
 t - a scroll of enchant armour {unknown}
 v - 2 scrolls of fog
 w - a scroll of amnesia {unknown}
Potions
 d - a potion of might
 e - a potion of magic
 h - a potion of mutation
 o - 2 potions of heal wounds
 p - a potion of flight {unknown}
 u - 2 potions of cancellation {unknown}


   Skills:
 + Level 6.7 Fighting
 + Level 1.6 Short Blades
 + Level 1.6 Long Blades
 + Level 4.8 Axes
 + Level 1.6 Maces & Flails
 + Level 1.6 Polearms
 + Level 1.6 Staves
 + Level 1.6 Slings
 + Level 1.6 Bows
 + Level 1.6 Crossbows
 + Level 1.6 Throwing
 + Level 6.7 Armour
 + Level 1.6 Dodging
 + Level 1.6 Stealth
 + Level 6.7 Shields
 + Level 1.6 Unarmed Combat
 + Level 1.6 Spellcasting
 + Level 1.2 Conjurations
 + Level 1.2 Hexes
 + Level 1.2 Summonings
 + Level 1.2 Necromancy
 + Level 1.2 Translocations
 + Level 1.2 Transmutations
 + Level 1.2 Fire Magic
 + Level 1.2 Ice Magic
 + Level 1.2 Air Magic
 + Level 1.2 Earth Magic
 + Level 1.2 Poison Magic
 + Level 1.8 Invocations
 + Level 1.6 Evocations


You had 7 spell levels left.
You didn't know any spells.
Your spell library contained the following spells:

 Spells                   Type           Power      Damage    Failure   Level
 Animate Skeleton         Necr           4%         N/A       30%         1
 Pain                     Necr           8%         1d4       30%         1
 Confusing Touch          Hex            2%         N/A       65%         3
 Tukima's Dance           Hex            2%         N/A       65%         3
 Anguish                  Hex/Necr       1%         N/A       96%         4
 Yara's Violent Unravell  Hex/Tmut       1%         3d3       100%        5
 Enfeeble                 Hex            1%         N/A       100%        7


Dungeon Overview and Level Annotations

Branches:
Dungeon (4/15)
 Temple: D:4-7

Altars:
Fedhas
Trog

Shops:
D:2 [[!*


Innate Abilities, Weirdness & Mutations

You have very sharp teeth.
Your uncanny sense of smell can sniff out nearby items.
Your experience applies equally to all skills.


Message History

You finish taking off your +0 helmet.
You start putting on your armour.
You continue putting on your +1 helmet. x5
You finish putting on your +1 helmet.
You drop a +0 helmet.
The gnoll shouts!
A gnoll comes into view. It is wielding a +0 club.
A gnoll comes into view. It is wielding a +0 flail.
A gnoll sergeant comes into view.
It is wielding a +0 spear and wearing a +1 scale mail of poison resistance.
You block the gnoll's attack.
You completely miss the gnoll. The gnoll hits you with a +0 spear!
You closely miss the gnoll. The gnoll closely misses you.
You closely miss the gnoll.
The gnoll shouts!
You hear a shout!
The gnoll closely misses you. The gnoll hits you with a +0 spear.
The gnoll shouts!
You closely miss the gnoll. The gnoll barely misses you.
A gnoll comes into view. It is wielding a +0 flail.
The gnoll sergeant hits you with a +0 spear.
A gnoll comes into view. It is wielding a +0 whip.
You block the gnoll's attack.
You barely miss the gnoll sergeant.
The gnoll shouts!
You hit the gnoll. The gnoll sergeant closely misses you.
The gnoll hits you with a +0 spear. The gnoll barely misses you.
A gnoll comes into view. It is wielding a +0 club.
The gnoll sergeant barely misses you.
You hit the gnoll sergeant but do no damage.
You hit the gnoll but do no damage.
The gnoll sergeant hits you with a +0 spear!
The gnoll hits you with a +0 spear.
* * * LOW HITPOINT WARNING * * *
The gnoll attacks as you move away! You block the gnoll's attack.
The gnoll sergeant attacks as you move away!
The gnoll sergeant hits you with a +0 spear.
* * * LOW HITPOINT WARNING * * *
A quokka comes into view.
The gnoll sergeant hits you from afar with a +0 spear.
* * * LOW HITPOINT WARNING * * *
The gnoll hits you from afar with a +0 spear.
You die... .# ..# r..... #..# #.#.#. #g. ..... #gg

#.#.# #g# ##..g##g#
###.....#g#
#........g#
.#....@#.#
##...##.# #
......###.##.######
#.#### #....#. ...#
# #[.##.# #..#
#.)##.# #..#
#..##.# #..#
#..##.# #..###
.####..##.###....#


You could see a gnoll sergeant, 3 gnolls and a quokka (asleep).

Vanquished Creatures
  Jessica (D:2)
  4 gnolls (D:3)
  4 adders
  A white imp (D:4)
  A dart slug (D:4)
  6 orcs (D:4)
  9 ball pythons
  4 endoplasms
  2 giant cockroaches (D:1)
  12 goblins
  5 hobgoblins
  5 jackals
  5 kobolds (D:1)
  2 quokkas
  5 bats
  4 frilled lizards
  4 rats
74 creatures vanquished.

Notes
Turn   | Place    | Note
-------+----------+-------------------------------------------
     0 | D:1      | croobank the Gnoll Fighter began the quest for the Orb.
     0 | D:1      | Reached XP level 1. HP: 23/23 MP: 1/1
   116 | D:1      | Reached XP level 2. HP: 28/29 MP: 2/2
   348 | D:1      | Reached XP level 3. HP: 35/35 MP: 3/3
   363 | D:1      | Found a faded altar of an unknown god.
   713 | D:2      | Reached skill level 1 in Invocations
   781 | D:2      | Noticed Jessica
   784 | D:2      | Killed Jessica
   785 | D:2      | Reached skill level 1 in Short Blades
   785 | D:2      | Reached skill level 1 in Long Blades
   785 | D:2      | Reached skill level 1 in Maces & Flails
   785 | D:2      | Reached skill level 1 in Polearms
   785 | D:2      | Reached skill level 1 in Staves
   785 | D:2      | Reached skill level 1 in Slings
   785 | D:2      | Reached skill level 1 in Bows
   785 | D:2      | Reached skill level 1 in Crossbows
   785 | D:2      | Reached skill level 1 in Throwing
   785 | D:2      | Reached skill level 1 in Dodging
   785 | D:2      | Reached skill level 1 in Stealth
   785 | D:2      | Reached skill level 1 in Unarmed Combat
   785 | D:2      | Reached skill level 1 in Spellcasting
   785 | D:2      | Reached skill level 1 in Evocations
   785 | D:2      | Reached XP level 4. HP: 41/41 MP: 5/5
   799 | D:2      | Got Jessica's Reference Book on Sinister Rites
   912 | D:2      | Found Soviak's Antique Armour Shop.
  1026 | D:2      | Found Jearitas's Antique Armour Emporium.
  1307 | D:2      | Found Qaidip's General Store.
  1316 | D:2      | Bought a scroll of magic mapping for 38 gold pieces
  1316 | D:2      | Bought a scroll of identify for 22 gold pieces
  1359 | D:2      | Found Ojaap's Distillery.
  1365 | D:2      | Bought a potion of heal wounds for 55 gold pieces
  1721 | D:3      | Found a bloodstained altar of Trog.
  1903 | D:3      | Reached skill level 1 in Conjurations
  1903 | D:3      | Reached skill level 1 in Hexes
  1903 | D:3      | Reached skill level 1 in Summonings
  1903 | D:3      | Reached skill level 1 in Necromancy
  1903 | D:3      | Reached skill level 1 in Translocations
  1903 | D:3      | Reached skill level 1 in Transmutations
  1903 | D:3      | Reached skill level 1 in Fire Magic
  1903 | D:3      | Reached skill level 1 in Ice Magic
  1903 | D:3      | Reached skill level 1 in Air Magic
  1903 | D:3      | Reached skill level 1 in Earth Magic
  1903 | D:3      | Reached skill level 1 in Poison Magic
  1909 | D:3      | Reached XP level 5. HP: 45/47 MP: 5/7
  2038 | D:4      | Identified the +3 leather armour of Imperfection {Harm rC++
                  | Int+3 Stlth+}
  2183 | D:4      | Found a blossoming altar of Fedhas.
  2277 | D:4      | Slain by a gnoll

Illustrated notes

Levels and vault maps discovered:
D:1:      psy_arrival_terrarium, layout_rooms,
          ebering_ecumenical_altar_sacrificial, chequers_serial_rivers_micro_e,
          minmay_unequal
D:2:      layout_loops_ring, serial_shops,
          nicolae_shop_temple_entry_statues_fountains, nicolae_square_shop,
          nicolae_shop_waterfront, nicolae_lakefront_shop,
          kennysheep_jessica_study
D:3:      layout_basic, mainiacjoe_overflow_alcove_4
D:4:      layout_loops_ring, old_standard_altar, lemuel_temple_firewalk_b,
          st_stairs_9

Skill      XL: |  1  2  3  4 |
---------------+-------------+-----
Invocations    | 1 |  1.8
Short Blades   | 1 |  1.6
Long Blades    | 1 |  1.6
Maces & Flails | 1 |  1.6
Polearms       | 1 |  1.6
Staves         | 1 |  1.6
Slings         | 1 |  1.6
Bows           | 1 |  1.6
Crossbows      | 1 |  1.6
Throwing       | 1 |  1.6
Dodging        | 1 |  1.6
Stealth        | 1 |  1.6
Unarmed Combat | 1 |  1.6
Spellcasting   | 1 |  1.6
Evocations     | 1 |  1.6
Conjurations   | 1 |  1.2
Hexes          | 1 |  1.2
Summonings     | 1 |  1.2
Necromancy     | 1 |  1.2
Translocations | 1 |  1.2
Transmutations | 1 |  1.2
Fire Magic     | 1 |  1.2
Ice Magic      | 1 |  1.2
Air Magic      | 1 |  1.2
Earth Magic    | 1 |  1.2
Poison Magic   | 1 |  1.2
Fighting       | |  6.7
Axes           | |  4.8
Armour         | |  6.7
Shields        | |  6.7

Action                   |  1- 3 |  4- 6 || total
-------------------------+-------+-------++-------
Melee: War axe           |    92 |    91 ||   183
       Bite              |    10 |     8 ||    18
  Use: Scroll            |       |     8 ||     8
Armor: Scale mail        |    55 |    36 ||    91
       Skin              |       |     2 ||     2
Dodge: Dodged            |    64 |    48 ||   112
Block: Buckler           |    37 |    28 ||    65

Table legend: (Time is in decaauts)
 A = Elapsed time spent in this place.
 B = Non-inter-level travel time spent in this place.
 C = Inter-level travel time spent in this place.
 D = Time resting spent in this place.
 E = Time spent auto-exploring this place.
 F = Levels seen in this place.
 G = Mean time per level.
                   A        B        C        D        E       F      G
               +--------+--------+--------+--------+--------+-----+--------+
         Total |   2331 |   2261 |     70 |      0 |   1643 |   4 |  582.8 |
       Dungeon |   2331 |   2261 |     70 |      0 |   1643 |   4 |  582.8 |
               +--------+--------+--------+--------+--------+-----+--------+

Top non-repeatable levels by time:
     D:2: 787 daAuts
     D:1: 692 daAuts
     D:3: 597 daAuts
     D:4: 253 daAuts
